 Dungeon Crawl Stone Soup version 0.19.4-12-gccf7e64 (webtiles) character file.

24257 Chiseanne the Nimble (level 12, 0/99 HPs)
             Began as a Demonspawn Wanderer on Feb 26, 2017.
             Was an Initiate of Gozag.
             Slain by an entropy weaver (1 damage)
             ... on level 3 of the Lair of Beasts.
             The game lasted 00:51:20 (16888 turns).

Chiseanne the Nimble (Demonspawn Wanderer)         Turns: 16888, Time: 00:51:21

Health: 0/99       AC: 10    Str: 18    XL:     12   Next: 79%
Magic:  13/13      EV: 22    Int: 12    God:    Gozag
Gold:   140        SH:  0    Dex: 36    Spells: 1 memorised, 8 levels left

rFire  + + .     SeeInvis +     a - +2 whip (elec)
rCold  . . .     Gourm    .     W - +5 scale mail "Guhis" {rF++ Dex+8}
rNeg   + + .     Faith    .     (no shield)
rPois  .         Spirit   .     (helmet unavailable)
rElec  .         Reflect  .     (no cloak)
rCorr  .         Harm     .     H - +0 pair of gloves (curse)
MR     .....                    (no boots)
Stlth  ++++++....               y - amulet of regeneration
                                S - ring "Qomompic" {+Fly Str+4 SInv}
                                M - ring "Vyneoxuw" {rN++ Dex+4}

@: corroded, gold aura
A: horns 3, thin skeletal structure 3
a: Potion Petition, Call Merchant, Bribe Branch, Renounce Religion, Evoke Flight


You were on level 3 of the Lair of Beasts.
You worshipped Gozag.
Gozag was aware of your devotion.
You were very full.

You visited 3 branches of the dungeon, and saw 17 of its levels.

You collected 3083 gold pieces.
You spent 2357 gold pieces at shops.
You paid 586 gold pieces to Gozag.

Inventory:

Hand Weapons
 a - a +2 whip of electrocution (weapon)
 d - a +1 short sword of protection
 e - a +0 blowgun
 s - a +4 falchion
 w - a +0 hunting sling
Missiles
 i - 45 bolts
 n - 136 poisoned needles
 t - 293 arrows
 B - 396 stones (quivered)
 C - 69 sling bullets
 F - 5 throwing nets
 O - 7 poisoned javelins
Armour
 c - a +0 buckler
 H - a cursed +0 pair of gloves (worn)
 Q - a +3 ring mail of cold resistance
 W - the +5 scale mail "Guhis" (worn) {rF++ Dex+8}
   (You bought it in a shop on level 11 of the Dungeon)

   It affects your dexterity (+8).
   It greatly protects you from fire.
Jewellery
 y - an amulet of regeneration (around neck)
 L - an uncursed ring of resist corrosion
 M - the ring "Vyneoxuw" (left hand) {rN++ Dex+4}
   (You bought it in a shop on level 5 of the Dungeon)

   [ring of dexterity]

   It affects your dexterity (+4).
   It greatly protects you from negative energy.
 S - the ring "Qomompic" (right hand) {+Fly Str+4 SInv}
   (You bought it in a shop on level 5 of the Dungeon)

   [ring of flight]

   It affects your strength (+4).
   It lets you see invisible.
   It lets you fly.
 X - an uncursed amulet of guardian spirit
Wands
 p - a wand of acid (8/15)
 I - a wand of confusion (12/48)
 J - a wand of lightning (6/15)
 N - a wand of digging (22/24)
 R - a wand of acid (7/15)
 Z - a wand of disintegration (14/24)
Scrolls
 h - a scroll of magic mapping
 k - 3 scrolls of amnesia
 r - 4 scrolls of remove curse
 u - 4 scrolls of teleportation
 z - 7 scrolls of identify
 G - 2 scrolls of fog
 P - a scroll of blinking
 U - 3 scrolls of enchant armour
Potions
 l - 3 potions of curing
 m - a potion of cure mutation
 o - 2 potions of ambrosia
 q - a potion of berserk rage
 v - 2 potions of beneficial mutation
 x - 5 potions of flight
 T - 2 potions of haste
 Y - a potion of agility
Books
 A - a book of Changes

   Spells                             Type                      Level
   a - Beastly Appendage              Transmutation                1
   b - Sticks to Snakes               Transmutation                2
   c - Spider Form                    Transmutation/Poison         3
   d - Ice Form                       Ice/Transmutation            4
   e - Blade Hands                    Transmutation                5
 D - a book of Maledictions

   Spells                             Type                      Level
   a - Corona                         Hexes                        1
   b - Ensorcelled Hibernation        Hexes/Ice                    2
   c - Confuse                        Hexes                        3
   d - Tukima's Dance                 Hexes                        3
   e - Dazzling Spray                 Conjuration/Hexes            3
 E - a book of Misfortune

   Spells                             Type                      Level
   a - Confusing Touch                Hexes                        1
   b - Confuse                        Hexes                        3
   c - Gell's Gravitas                Hexes/Translocation          3
   d - Petrify                        Transmutation/Earth          4
   e - Metabolic Englaciation         Hexes/Ice                    5
   f - Yara's Violent Unravelling     Hexes/Transmutation          5
 K - a book of Minor Magic

   Spells                             Type                      Level
   a - Magic Dart                     Conjuration                  1
   b - Blink                          Translocation                2
   c - Call Imp                       Summoning                    2
   d - Repel Missiles                 Charms/Air                   2
   e - Slow                           Hexes                        2
   f - Conjure Flame                  Conjuration/Fire             3
   g - Mephitic Cloud                 Conjuration/Poison/Air       3
Miscellaneous
 g - a phantom mirror
Comestibles
 f - 7 bread rations
 j - 5 meat rations


   Skills:
 - Level 10.6 Fighting
 - Level 4.5 Long Blades
 * Level 4.7 Maces & Flails
 * Level 9.4 Armour
 * Level 10.7 Dodging
 - Level 10.1 Stealth
 - Level 2.0 Evocations


You had 8 spell levels left.
You knew the following spells:

 Your Spells              Type           Power        Failure   Level  Hunger
a - Regeneration          Chrm/Necr      #.........   99%         3    ####...


Dungeon Overview and Level Annotations

Branches:
Dungeon (12/15)            Temple (1/1) D:5            Lair (4/6) D:11
 Shoals (0/4) Lair:3        Snake (0/4) Lair:3          Orc (0/2) D:12

Altars:
Ashenzari
Cheibriados
Dithmenos
Elyvilon
Fedhas
Gozag
Hepliaklqana
Kikubaaqudgha
Makhleb
Nemelex Xobeh
Okawaru
Qazlal
Ru
Sif Muna
Trog
Uskayaw
Vehumet
Xom
Yredelemnul
Zin
The Shining One

Shops:
D:5 =   D:11 ?[[

Annotations:
D:8 1 runed door
Lair:1 exclusion: oklob plant


Innate Abilities, Weirdness & Mutations

You have a pair of large horns on your head.
You have an unnaturally thin skeletal structure. (Dex +6, Stealth++)


Message History

The entropy weaver misses you.
The entropy weaver hits you but does no damage.
The entropy weaver completely misses you.
You hit the entropy weaver. You headbutt the entropy weaver.
The entropy weaver is severely wounded.
The entropy weaver mumbles some strange words.
The entropic weave corrodes you!
You barely miss the entropy weaver.
You headbutt the entropy weaver, but do no damage.
The entropy weaver is severely wounded.
The entropy weaver completely misses you.
The entropy weaver hits you!
* * * LOW HITPOINT WARNING * * *
The entropy weaver hits you.
* * * LOW HITPOINT WARNING * * *
The entropy weaver hits you.
* * * LOW HITPOINT WARNING * * *
The entropy weaver hits you.
You die...
Your body crumbles into a pile of gold.

.....#...l.......................
.................................
...................a.............
..........................<......
..###............................
.#####.......###'##.#....P####..#
..##P.......####.####.....##.P..#
............#..a+## #....P#....##
...###.....##...@.###....##....#P
...##......##.....<.+.....#....##
...........###.....#...........#.
##..P......P##.....##....#P.....#
######.....##.#...###....#..#..#.
##.##.......#######............##
............##.#..###............
.................................
...>.............................


You could see an entropy weaver.

Vanquished Creatures
  Erolcha (D:10)
  Harold (Lair:1)
  A hydra (Lair:2)
  A death yak (D:11)
  Urug (D:11)
  Pikel (D:4)
  2 hill giants (D:11)
  A cyclops (D:11)
  3 black mambas
  A gargoyle (D:11)
  4 spiny frogs
  A rime drake (Lair:2)
  A tengu conjurer (D:12)
  2 trolls
  3 komodo dragons
  A hornet (D:5)
  A polar bear (Lair:3)
  4 hippogriffs
  Grinder (D:3)
  4 slime creatures (D:12)
  A meliai zombie (D:11)
  Sigmund (D:4)
  A vampire (D:10)
  A basilisk (Lair:2)
  21 yaks
  3 hungry ghosts
  3 vampire mosquitoes (D:12)
  2 wyverns (Lair:3)
  Menkaure (D:6)
  2 nagas (Lair:3)
  A soldier ant (D:11)
  5 water moccasins
  Duvessa (D:6)
  2 porcupines
  The ghost of derval the Caller, an amateur TeSu (D:7)
  A slave (D:4)
  4 ogres
  3 orc warriors
  A sky beast (D:10)
  A hornet zombie (D:8)
  7 ice beasts
  2 black bears
  10 centaurs
  2 phantoms
  4 crocodiles
  3 wolves (Lair:3)
  9 bullfrogs
  2 big kobolds
  Dowan (D:6)
  A wyvern skeleton (D:9)
  10 killer bees
  4 scorpions
  3 wights (D:9)
  A howler monkey (D:11)
  7 crimson imps
  2 bullfrog zombies
  2 centaur zombies
  6 orc priests
  3 jellies
  2 quasits (D:11)
  2 bullfrog skeletons
  3 centaur skeletons (D:4)
  2 hounds
  5 orc wizards
  Jessica (D:2)
  Ijyb (D:1)
  Terence (D:2)
  Natasha (D:2)
  8 iguanas
  13 worker ants
  Robin (D:2)
  7 gnolls (D:5)
  A howler monkey skeleton (D:10)
  15 adders
  6 shadow imps
  An ooze (D:5)
  An adder skeleton (D:4)
  2 worms (D:2)
  2 dart slugs
  6 leopard geckos
  37 orcs
  9 bats
  4 giant cockroaches
  5 hobgoblins
  11 jackals
  15 kobolds
  5 quokkas
  5 ball pythons
  3 frilled lizards (D:1)
  22 goblins
  10 rats
  A fungus (Lair:2)
378 creatures vanquished.

Vanquished Creatures (others)
  A yak (Lair:2)
  A slave (D:4)
  A phantom (D:4)
  A worm (D:4)
  A leopard gecko (D:4)
  An orc (D:4)
  A frilled lizard (D:4)
  2 fungi (Lair:2)
9 creatures vanquished.

Grand Total: 387 creatures vanquished

Notes
Turn   | Place    | Note
-------+----------+-------------------------------------------
     0 | D:1      | Chiseanne the Demonspawn Wanderer began the quest for the Orb.
     0 | D:1      | Chiseanne set off with: a +2 falchion, a +0 short sword, a potion of lignification, a +0 robe, a bread ration
     0 | D:1      | Reached XP level 1. HP: 16/16 MP: 2/2
   311 | D:1      | Reached skill level 1 in Dodging
   378 | D:1      | Gained mutation: You have a pair of small horns on your head. [demonic ancestry]
   378 | D:1      | Reached XP level 2. HP: 21/22 MP: 3/3
  1063 | D:2      | Noticed Ijyb
  1066 | D:2      | Gained mutation: You have a somewhat thin skeletal structure. (Dex +2, Stealth) [demonic ancestry]
  1066 | D:2      | Reached XP level 3. HP: 28/28 MP: 4/4
  1089 | D:1      | Killed Ijyb
  1278 | D:2      | Found a radiant altar of Vehumet.
  1531 | D:2      | Gained mutation: You have a moderately thin skeletal structure. (Dex +4, Stealth+) [demonic ancestry]
  1531 | D:2      | Reached XP level 4. HP: 15/35 MP: 5/5
  2149 | D:2      | Noticed Natasha
  2154 | D:2      | Killed Natasha
  2218 | D:2      | Noticed Robin
  2242 | D:2      | Noticed Terence
  2315 | D:2      | Killed Terence
  2315 | D:2      | Gained mutation: You have a pair of horns on your head. [demonic ancestry]
  2315 | D:2      | Reached XP level 5. HP: 34/42 MP: 6/6
  2397 | D:2      | Noticed Jessica
  2407 | D:2      | Killed Jessica
  2540 | D:2      | Killed Robin
  2947 | D:3      | Reached skill level 1 in Armour
  3013 | D:3      | Gained mutation: You have a pair of large horns on your head. [demonic ancestry]
  3013 | D:3      | Reached XP level 6. HP: 43/48 MP: 7/7
  3553 | D:3      | Found an ancient bone altar of Kikubaaqudgha.
  3691 | D:3      | Noticed Grinder
  3834 | D:3      | Paralysed by Grinder for 3 turns
  3842 | D:3      | Killed Grinder
  3842 | D:3      | Reached XP level 7. HP: 12/55 MP: 8/8
  4393 | D:4      | Noticed Sigmund
  4401 | D:4      | Killed Sigmund
  4588 | D:4      | Reached skill level 5 in Fighting
  4834 | D:4      | Noticed Pikel
  4916 | D:4      | Killed Pikel
  4916 | D:4      | Reached XP level 8. HP: 51/63 MP: 9/9
  5070 | D:4      | Found a shimmering altar of Xom.
  5199 | D:4      | Reached skill level 5 in Dodging
  5289 | D:4      | Reached skill level 5 in Stealth
  5524 | D:5      | Entered Level 5 of the Dungeon
  5525 | D:5      | Found a staircase to the Ecumenical Temple.
  5555 | Temple   | Entered the Ecumenical Temple
  5651 | Temple   | Became a worshipper of Gozag Ym Sagoz the Greedy
  5765 | D:5      | Found Nyrhep's Jewellery Shop.
  6300 | D:5      | Found a stormy altar of Qazlal.
  6589 | D:6      | Noticed Duvessa
  6589 | D:6      | Noticed Dowan
  6616 | D:6      | Killed Duvessa
  6616 | D:6      | Reached XP level 9. HP: 56/71 MP: 10/10
  6622 | D:6      | Killed Dowan
  6909 | D:6      | Noticed Menkaure
  6915 | D:6      | Killed Menkaure
  7077 | D:6      | Found a hide-covered altar of Uskayaw.
  7087 | D:6      | Found a shattered altar of Ashenzari.
  7207 | D:6      | Reached skill level 5 in Armour
  7679 | D:7      | Found a shadowy altar of Dithmenos.
  7719 | D:7      | Found a sparkling altar of Nemelex Xobeh.
  7773 | D:7      | Noticed derval's ghost (amateur TeSu)
  7807 | D:7      | Killed derval's ghost
  8014 | D:5      | Bought the ring "Vyneoxuw" {rN++ Dex+4} for 578 gold pieces
  8821 | D:8      | Reached XP level 10. HP: 64/80 MP: 11/11
  9451 | D:8      | Found a runed door.
  9451 | D:8      | Noticed a deep elf knight
  9451 | D:8      | Noticed a flayed ghost
  9451 | D:8      | Noticed an ogre mage
  9453 | D:8      | Noticed a frost giant
  9453 | D:8      | Noticed a fire dragon
  9453 | D:8      | Noticed a deep elf knight
  9542 | D:9      | Found a glowing silver altar of Zin.
 10257 | D:5      | Bought the ring "Qomompic" {+Fly Str+4 SInv} for 482 gold pieces
 10620 | D:10     | Entered Level 10 of the Dungeon
 11190 | D:10     | Noticed Erolcha
 11196 | D:10     | Killed Erolcha
 11196 | D:10     | Gained mutation: You have an unnaturally thin skeletal structure. (Dex +6, Stealth++) [demonic ancestry]
 11196 | D:10     | Reached XP level 11. HP: 89/89 MP: 12/12
 11954 | D:11     | Noticed Urug
 12000 | D:11     | Noticed a hill giant
 12006 | D:11     | Killed Urug
 12015 | D:11     | Killed a hill giant
 12022 | D:11     | Noticed a hill giant
 12025 | D:11     | Found Kennuepp's Armour Emporium.
 12031 | D:11     | Killed a hill giant
 12080 | D:11     | Found a staircase to the Lair.
 12120 | D:11     | Noticed a death yak
 12423 | D:11     | Found Idwynet's Magic Scroll Shoppe.
 12432 | D:11     | Bought a scroll of teleportation for 45 gold pieces
 12501 | D:11     | Killed a death yak
 12503 | D:11     | Reached skill level 10 in Fighting
 13214 | D:12     | Found a staircase to the Orcish Mines.
 13239 | D:12     | Noticed a green ugly thing
 13269 | D:12     | Noticed a red ugly thing
 13645 | D:12     | Reached skill level 10 in Stealth
 13678 | D:12     | Reached XP level 12. HP: 97/98 MP: 13/13
 13868 | D:11     | Bought the +5 scale mail "Guhis" {rF++ Dex+8} for 1054 gold pieces
 13893 | Lair:1   | Entered Level 1 of the Lair of Beasts
 14039 | Lair:1   | Reached skill level 1 in Maces & Flails
 14436 | Lair:1   | Noticed Harold
 14455 | Lair:1   | Killed Harold
 14661 | Lair:2   | Reached skill level 10 in Dodging
 14806 | Lair:2   | Noticed a seven-headed hydra
 14820 | Lair:2   | Killed a seven-headed hydra
 15362 | Lair:2   | Learned a level 3 spell: Regeneration
 15724 | Lair:3   | Found a staircase to the Shoals.
 15998 | Lair:3   | Found a staircase to the Snake Pit.
 16490 | D:11     | Bought an encrusted ring mail for 198 gold pieces
 16522 | D:11     | Identified the +3 ring mail "Qeahuyps" {SInv} (You bought it in a shop on level 11 of the Dungeon)
 16641 | Lair:4   | Noticed an entropy weaver
 16644 | Lair:4   | Noticed an entropy weaver
 16888 | Lair:3   | HP: 4/99 [entropy weaver (3)]
 16888 | Lair:3   | HP: 1/99 [entropy weaver (3)]
 16888 | Lair:3   | Slain by an entropy weaver

Skill      XL: |  1  2  3  4  5  6  7  8  9 10 11 12 |
---------------+-------------------------------------+-----
Dodging        | 1 2 3 4 5 6 8 9 10 | 10.7
Fighting       | 3 4 5 6 7 9 10 | 10.6
Stealth        | 2 3 4 5 7 8 10 | 10.1
Armour         | 1 2 3 4 6 7 8 9 |  9.4
Maces & Flails | 4 |  4.7
Long Blades    | |  4.5
Evocations     | |  2.0

Action                   |  1- 3 |  4- 6 |  7- 9 | 10-12 || total
-------------------------+-------+-------+-------+-------++-------
Melee: Falchion          |    90 |   146 |   124 |     4 ||   364
       Headbutt          |    13 |    33 |    91 |   280 ||   417
       Whip              |       |       |   197 |   781 ||   978
 Fire: Hunting sling     |       |    11 |     6 |    39 ||    56
Invok: Call Merchant     |       |       |       |     1 ||     1
Evoke: Wand              |       |       |    13 |     5 ||    18
  Use: Scroll            |     2 |     6 |    12 |    12 ||    32
       Potion            |       |     2 |     2 |     9 ||    13
 Stab: Sleeping          |     2 |     5 |    19 |    35 ||    61
       Distracted        |       |       |     6 |     5 ||    11
       Invisible         |       |       |       |    13 ||    13
  Eat: Chunk             |     2 |     7 |     7 |       ||    16
       Royal jelly       |       |       |     2 |     2 ||     4
       Beef jerky        |       |       |     1 |     2 ||     3
       Pizza             |       |       |     1 |     2 ||     3
       Fruit             |       |       |     5 |    15 ||    20
       Bread ration      |       |       |       |     3 ||     3
Armor: Robe              |    18 |     6 |       |       ||    24
       Scale mail        |       |    32 |   101 |   125 ||   258
       Skin              |       |       |       |     4 ||     4
       Ring mail         |       |       |       |    32 ||    32
Dodge: Dodged            |    57 |    79 |   178 |   769 ||  1083
       Rpst.: Falchion   |    11 |    27 |    20 |       ||    58
